 Dungeon Crawl Stone Soup version 0.20-a0-1089-g3fde505 (webtiles) character file.

105 Alarkh the Chopper (level 4, -3/35 HPs)
             Began as a Demonspawn Monk on May 2, 2017.
             Slain by an orc
             ... wielding a +0 trident
              (11 damage)
             ... on level 3 of the Dungeon.
             The game lasted 00:01:31 (2134 turns).

Alarkh the Chopper (Demonspawn Monk)                Turns: 2134, Time: 00:01:32

Health: -3/35      AC:  4    Str: 11    XL:     4   Next: 53%
Magic:  4/4        EV: 13    Int: 13    God:
Gold:   150        SH:  0    Dex: 15    Spells: 3/3 levels left

rFire    . . .     SeeInvis .   a - +0 hand axe
rCold    . . .     Gourm    .   (no shield)
rNeg     . . .     Faith    .   b - +0 robe
rPois    .         Spirit   .   (no helmet)
rElec    .         Reflect  .   g - +0 cloak
rCorr    .         Harm     .   (no gloves)
MR       .....                  o - +0 pair of boots
Stlth    ++........             (no amulet)
Regen    0.2/turn               (no ring)
MPRegen  0.1/turn               (no ring)

@: no status effects
A: talons 2, demonic guardian 1
a: no special abilities


You were on level 3 of the Dungeon.
You were not hungry.

You visited 1 branch of the dungeon, and saw 3 of its levels.

You collected 150 gold pieces.

Inventory:

Hand Weapons
 a - a +0 hand axe (weapon)
Armour
 b - a +0 robe (worn)
 g - a +0 cloak (worn)
 o - a +0 pair of boots (worn)
Scrolls
 e - a scroll of identify
 i - a scroll of teleportation {unknown}
 j - a scroll of blinking {unknown}
 l - a scroll of immolation {unknown}
 m - a scroll of enchant armour {unknown}
 n - a scroll of recharging {unknown}
Potions
 f - a potion of heal wounds
Comestibles
 c - 4 bread rations
 d - a royal jelly
 k - a chunk of flesh


   Skills:
 - Level 3.0 Fighting
 + Level 4.8 Axes
 - Level 2.6 Dodging
 - Level 1.7 Stealth


You had 3 spell levels left.
You didn't know any spells.

Dungeon Overview and Level Annotations

Branches:
Dungeon (3/15)

Altars:


Innate Abilities, Weirdness & Mutations

You have razor-sharp toenails.
A weak demonic guardian rushes to your aid.


Message History

The orc is moderately wounded.
The orc misses you. The adder bites you but does no damage.
You barely miss the orc.
The orc is moderately wounded.
You hit the adder but do no damage. The orc completely misses you.
The adder closely misses you.
You hit the adder.
The adder is heavily wounded.
You hit the orc but do no damage. The adder barely misses you.
The orc hits you with a trident.
* * * LOW HITPOINT WARNING * * *
You closely miss the adder.
The adder is heavily wounded.
You hit the orc but do no damage. The adder barely misses you.
The orc barely misses you. The adder barely misses you.
You miss the adder.
The adder is heavily wounded.
You closely miss the orc. The adder closely misses you.
The orc hits you with a trident!
You die...

...... ...... ..+
.....# #####...##
.!...##.#.#....#
#......#.#....#
.#.#........#....#
...#.............#
#........o...#
##.......S@..#
#.>...###)..+
##..........#####
####(......#......#
......)....#......#
...........#......#
...........#......#
...........#......#
#########.........#


You could see an adder and an orc.

Vanquished Creatures
  A howler monkey (D:3)
  An adder (D:2)
  A worm (D:2)
  2 dart slugs
  2 orcs (D:3)
  3 giant cockroaches
  8 goblins
  5 hobgoblins
  2 ball pythons (D:2)
  9 bats
  4 frilled lizards
  6 kobolds
  7 rats
51 creatures vanquished.

Notes
Turn   | Place    | Note
-------+----------+-------------------------------------------
     0 | D:1      | Alarkh the Demonspawn Monk began the quest for the Orb.
     0 | D:1      | Reached XP level 1. HP: 18/18 MP: 1/1
   132 | D:1      | Reached skill level 3 in Axes
   184 | D:1      | Gained mutation: You have sharp toenails. [demonic ancestry]
   184 | D:1      | Reached XP level 2. HP: 20/24 MP: 2/2
   805 | D:1      | Gained mutation: You have razor-sharp toenails. [demonic ancestry]
   805 | D:1      | Reached XP level 3. HP: 28/29 MP: 3/3
  1129 | D:2      | Reached skill level 4 in Axes
  2092 | D:3      | Gained mutation: A weak demonic guardian rushes to your aid. [demonic ancestry]
  2092 | D:3      | Reached XP level 4. HP: 19/35 MP: 4/4
  2134 | D:3      | Slain by an orc

Vault maps used:
D:1:      dpeg_arrival_water_fire
D:2:      minivault_4
D:3:      kennysheep_goblin_castle, minmay_snake_closets

Skill      XL: |  1  2  3 |
---------------+----------+-----
Axes           | 3 4 |  4.8
Fighting       | |  3.0
Dodging        | |  2.6
Stealth        | |  1.7

Action                   |  1- 3 |  4- 6 || total
-------------------------+-------+-------++-------
Melee: Hand axe          |   158 |    16 ||   174
       Kick              |    26 |       ||    26
  Use: Scroll            |     1 |       ||     1
       Potion            |       |     1 ||     1
 Stab: Sleeping          |     2 |       ||     2
  Eat: Chunk             |     4 |       ||     4
Armor: Robe              |    34 |     3 ||    37
       Skin              |       |    20 ||    20
Dodge: Dodged            |   116 |    14 ||   130
